AoeStats
← jbwermers

Nomad

510204926Analyzed
4v4 RM · 12h ago on Sep 29, 2026· 32m 23s· 8 players
Game mode
Random Map
Map size
231×231
Population
200
Speed
Normal
Resources
Standard
Victory
Conquest
Starting age
Dark Age
Ending age
Imperial Age
RankedLock teamsTeams togetherTeam positionsShared explorationLock speedFull tech treeHidden civsTurbo modeCheats
Victory
Defeat
🇺🇸 Varangians · United States
983
+12
🇺🇸 Huns · United States
928
+14
🇺🇾 Armenians · Uruguay
920
+15
🇪🇸 Spanish · Spain
900
+16
🇺🇸 Bohemians · United States
1000
-55
🇦🇷 Byzantines · Argentina
960
-39
🇪🇸 Huns · Spain
818
-11
🇩🇪 Tupi · Germany
801
-11
Jan
10:39 Loom
16:59 Feudal Age
17:55 Double-Bit Axe
18:17 Fishing Lines
21:29 Castle Age
20:29 Bloodlines
20:30 Forging
20:26 Scale Barding Armor
20:21 Gold Mining
22:09 Stone Mining
23:16 Bow Saw
22:48 Horse Collar
25:03 Husbandry
25:43 Iron Casting
25:29 Chain Barding Armor
30:42 Imperial Age
32:31 Heavy Plow
33:34 Two-Man Saw
Red Death
15:16 Feudal Age
16:24 Man-at-Arms
17:02 Double-Bit Axe
17:58 Fishing Lines
20:16 Loom
22:45 Castle Age
21:37 Forging
21:28 Scale Mail Armor
21:19 Arson
22:11 Horse Collar
23:02 Long Swordsman
24:49 Iron Casting
24:18 Squires
24:57 Gambesons
26:03 Chain Mail Armor
29:22 Wheelbarrow
32:08 Hand Cart
SnooP OrO
15:00 Loom
18:46 Feudal Age
27:38 Castle Age
26:18 Double-Bit Axe
26:19 Horse Collar
26:22 Fishing Lines
27:03 Gold Mining
27:05 Stone Mining
29:53 Gillnets
31:47 Bow Saw
31:39 Heavy Plow
Pocho32
6:21 Loom
14:48 Feudal Age
20:16 Castle Age
18:10 Double-Bit Axe
20:44 Gold Mining
20:37 Fishing Lines
21:44 Medium Warships
22:47 Bow Saw
23:41 Gold Shaft Mining
24:57 Wheelbarrow
25:29 Town Watch
29:13 Scale Mail Armor
29:24 Forging
30:44 Chain Mail Armor
30:38 Man-at-Arms
31:06 Gambesons
31:21 Squires
MGreenland777
20:45 Feudal Age
21:40 Double-Bit Axe
27:15 Wheelbarrow
28:57 Horse Collar
jbwermers
15:10 Feudal Age
15:43 Double-Bit Axe
15:30 Champi Runner
16:12 Horse Collar
18:26 Arson
20:15 Gold Mining
20:50 Stone Mining
23:54 Wheelbarrow
31:29 Castle Age
ramparrondo
14:35 Feudal Age
12:52 Loom
15:20 Double-Bit Axe
15:18 Horse Collar
18:29 Fishing Lines
20:04 Gold Mining
22:35 Wheelbarrow
21:49 Town Watch
22:14 Stone Mining
25:23 Bloodlines
26:12 Forging
26:07 Scale Barding Armor
29:56 Castle Age
gabrielflores2036
6:48 Loom
20:31 Feudal Age
21:50 Wheelbarrow
26:04 Fishing Lines
30:13 Double-Bit Axe
30:26 Stone Mining
30:27 Gold Mining
Connection lost

Rejoining the realm…

Still unreachable

The connection could not be restored.

Session expired

The server has moved on; the page needs a fresh start.